 Dungeon Crawl Stone Soup version 0.24.0-37-gcf1ca852f1 (console) character file.

Game seed: 17039712303126998792, levelgen mode: deterministic

217959 AlterAsc the Scorcher (level 18, -1/147 HPs)
             Began as a Yellow Draconian Fire Elementalist on Nov 23, 2019.
             Was a High Priest of Vehumet.
             Hit by a large rock thrown by Polyphemus (24 damage)
             ... on level 4 of the Shoals on Nov 24, 2019.
             The game lasted 04:35:33 (46694 turns).

AlterAsc the Scorcher (DrFE)                       Turns: 46694, Time: 04:35:34

Health: -1/147     AC: 20    Str: 15    XL:     18   Next: 78%
Magic:  3/38       EV: 12    Int: 26    God:    Vehumet [*****.]
Gold:   218        SH:  5    Dex:  9    Spells: 2/49 levels left

rFire    + . .     SeeInvis .   g - +12 trident of Xoafoile {freeze, Int+4}
rCold    + . .     Gourm    +   l - +1 buckler {rC+}
rNeg     . . .     Faith    .   (armour unavailable)
rPois    +         Spirit   .   p - +2 hat of Ipimifips {*Contam rElec rPois MR++}
rElec    +         Reflect  .   Z - +1 cloak {+Inv}
rCorr    +         Harm     .   T - +2 pair of gloves
MR       +++..                  h - +2 pair of boots (curse)
Stlth    ++........             L - amulet of the gourmand
HPRegen  0.34/turn              S - ring of fire
MPRegen  0.26/turn              r - ring of Eternal Night {rC+ Str+4 Dex-2}

@: about to teleport
A: spit acid, unfitting armour, clumsy 1, acidic bite, cold-blooded, acid
resistance, AC +10
a: Breathe Acid, Renounce Religion, Evoke Invisibility


You were on level 4 of the Shoals.
You worshipped Vehumet.
Vehumet was extremely pleased with you.
You were very full.

You visited 7 branches of the dungeon, and saw 33 of its levels.
You visited 1 bazaar.
You also visited: Trove, Gauntlet and Ice Cave.

You collected 2913 gold pieces.
You spent 2695 gold pieces at shops.

Inventory:

Hand Weapons
 g - the +12 trident of Xoafoile (weapon) {freeze, Int+4}
   (You found it on level 2 of the Lair of Beasts)

   It has been specially enchanted to freeze those struck by it, causing extra
   injury to most foes and up to half again as much damage against particularly
   susceptible opponents.
   It can also slow down cold-blooded creatures.
   It affects your intelligence (+4).
Armour
 h - a cursed +2 pair of boots (worn)
 j - the +3 hat of Pondering {ponderous, MR+ MP+10 Int+5}
   (You found it on level 3 of the Lair of Beasts)

   It affects your intelligence (+5).
   It affects your resistance to hostile enchantments.
   It affects your magic capacity (+10).
 l - a +1 buckler of cold resistance (worn)
 p - the +2 hat of Ipimifips (worn) {*Contam rElec rPois MR++}
   (You found it in an ice cave)

   It insulates you from electricity.
   It protects you from poison.
   It affects your resistance to hostile enchantments.
   It causes magical contamination when unequipped.
 T - a +2 pair of gloves (worn)
 Z - a +1 cloak of invisibility (worn)
Jewellery
 n - the ring "Denleuno" {rElec rC- MP+9 Dex+4}
   (You found it in a treasure trove)

   [ring of magical power]

   It affects your dexterity (+4).
   It makes you vulnerable to cold.
   It insulates you from electricity.
   It affects your magic capacity (+9).
 o - a +2 amulet of reflection
 r - the ring of Eternal Night (right hand) {rC+ Str+4 Dex-2}
   (You found it in a treasure trove)

   [ring of protection from cold]

   It affects your strength (+4).
   It affects your dexterity (-2).
   It protects you from cold.
 F - an uncursed ring of see invisible
 L - an amulet of the gourmand (around neck)
 M - an uncursed ring of wizardry
 P - an uncursed ring of magical power
 Q - an uncursed amulet of magic regeneration
 S - a ring of fire (left hand)
Wands
 c - a wand of disintegration (10)
 s - a wand of iceblast (5)
 t - a wand of enslavement (10)
 u - a wand of acid (28)
 y - a wand of digging (22)
 G - a wand of flame (16)
Scrolls
 a - 3 scrolls of fog
 d - 3 scrolls of amnesia
 i - 17 scrolls of remove curse
 q - 11 scrolls of teleportation
 v - a scroll of blinking
 x - 8 scrolls of immolation
 B - a scroll of torment
 D - 2 scrolls of fear
 E - 2 scrolls of noise
 H - 5 scrolls of vulnerability
 U - 2 scrolls of silence
 W - 3 scrolls of magic mapping
Potions
 e - 2 potions of cancellation {unknown}
 f - 7 potions of curing
 k - 5 potions of lignification
 m - 5 potions of degeneration
 w - 3 potions of invisibility
 z - 5 potions of ambrosia
 A - a potion of heal wounds
 C - 7 potions of flight
 I - 2 potions of agility {unknown}
 J - 3 potions of brilliance {unknown}
 K - a potion of experience {unknown}
 R - 3 potions of haste
 V - a potion of mutation
 X - 6 potions of magic
 Y - 3 potions of resistance
Comestibles
 b - 14 rations


   Skills:
 - Level 10.0 Fighting
 - Level 2.0 Dodging
 - Level 2.0 Stealth
 - Level 4.0 Shields
 * Level 16.3 Spellcasting
 + Level 15.4 Conjurations
 - Level 6.0 Charms
 - Level 5.2 Summonings
 - Level 20.0 Fire Magic
 - Level 5.0 Earth Magic


You had 2 spell levels left.
You knew the following spells:

 Your Spells              Type           Power        Failure   Level  Hunger
a - Bolt of Fire          Conj/Fire      ########..   1%          6    ####...
b - Ignition              Fire           ########..   1%          8    #######
c - Iron Shot             Conj/Erth      ######....   1%          6    ####...
d - Fireball              Conj/Fire      ########..   1%          5    None
e - Apportation           Tloc           ###...       2%          1    None
f - Spellforged Servitor  Conj/Summ      ######....   8%          7    #####..
g - Orb of Destruction    Conj           #######...   1%          7    #####..
h - Ring of Flames        Chrm/Fire      #######...   10%         7    #####..

Your spell library contained the following spells:

 Spells                   Type           Power        Failure   Level  Hunger
 Fire Storm               Conj/Fire      ########..   38%         9    #######
 Glaciate                 Conj/Ice       ######....   100%        9    #######
 Flame Tongue             Conj/Fire      #####        0%          1    None
 Magic Dart               Conj           ####         0%          1    None
 Searing Ray              Conj           ######       0%          2    None
 Throw Flame              Conj/Fire      ######       0%          2    None
 Freeze                   Ice            ###.         1%          1    None
 Infusion                 Chrm           ####         1%          1    None
 Shock                    Conj/Air       ####         1%          1    None
 Summon Small Mammal      Summ           ####         1%          1    None
 Call Imp                 Summ           #####...     1%          2    None
 Shroud of Golubria       Chrm/Tloc      #####.       1%          2    None
 Song of Slaying          Chrm           ######..     1%          2    None
 Swiftness                Chrm/Air       #####...     1%          2    None
 Throw Frost              Conj/Ice       ######       1%          2    None
 Animate Skeleton         Necr           N/A          2%          1    None
 Beastly Appendage        Tmut           ###...       2%          1    None
 Confusing Touch          Hex            ###...       2%          1    None
 Pain                     Necr           ###.         2%          1    None
 Blink                    Tloc           N/A          3%          2    None
 Poisonous Vapours        Pois/Air       ###...       3%          2    None
 Slow                     Hex            ###.....     3%          2    None
 Sticks to Snakes         Tmut           ###.....     3%          2    None
 Conjure Flame            Conj/Fire      ########     0%          3    None
 Sticky Flame             Conj/Fire      ########     0%          4    None
 Call Canine Familiar     Summ           #####...     1%          3    None
 Dazzling Spray           Conj/Hex       ######       1%          3    None
 Ignite Poison            Fire/Tmut/Pois ######..     1%          3    None
 Inner Flame              Hex/Fire       #######.     1%          3    None
 Mephitic Cloud           Conj/Pois/Air  #####...     1%          3    None
 Ozocubu's Armour         Chrm/Ice       #####...     1%          3    None
 Regeneration             Chrm/Necr      #####.....   1%          3    None
 Spectral Weapon          Hex/Chrm       #####...     1%          3    None
 Static Discharge         Conj/Air       ######..     1%          3    None
 Force Lance              Conj/Tloc      ######..     1%          4    None
 Fulminant Prism          Conj/Hex       ######....   1%          4    None
 Iskenderun's Mystic Bla  Conj           #######.     1%          4    None
 Throw Icicle             Conj/Ice       ######..     1%          4    None
 Irradiate                Conj/Tmut      ######....   1%          5    None
 Lightning Bolt           Conj/Air       ######....   1%          5    None
 Venom Bolt               Conj/Pois      ######....   1%          5    None
 Summon Guardian Golem    Hex/Summ       ####....     2%          3    None
 Bolt of Cold             Conj/Ice       ######....   4%          6    ####...
 Conjure Ball Lightning   Conj/Air       ######....   4%          6    ####...
 Spider Form              Tmut/Pois      ###.......   7%          3    None
 Vampiric Draining        Necr           ###.......   7%          3    None
 Airstrike                Air            ###.......   7%          4    None
 Aura of Abjuration       Summ           #####.....   8%          5    None
 Summon Ice Beast         Ice/Summ       ####....     9%          4    None
 Summon Lightning Spire   Summ/Air       ####....     9%          4    None
 Freezing Cloud           Conj/Ice/Air   #####.....   12%         6    ####...
 Summon Mana Viper        Hex/Summ       ####....     22%         5    None
 Animate Dead             Necr           N/A          24%         4    None
 Cause Fear               Hex            ###.......   24%         4    None
 Ice Form                 Ice/Tmut       ###.....     24%         4    None
 Blade Hands              Tmut           ###.......   54%         5    None
 Metabolic Englaciation   Hex/Ice        ###.......   54%         5    None
 Silence                  Hex/Air        ###.......   54%         5    None
 Ozocubu's Refrigeration  Ice            ###.......   63%         6    ####...
 Deflect Missiles         Chrm/Air       #####.....   71%         6    ####...
 Summon Hydra             Summ           #####.....   93%         7    #####..
 Simulacrum               Ice/Necr       ###.......   98%         6    ####...
 Dragon Form              Tmut           ###.......   100%        7    #####..
 Dragon's Call            Summ           #####.....   100%        9    #######
 Tornado                  Air            ###.......   100%        9    #######


Dungeon Overview and Level Annotations

Branches:
Dungeon (15/15)            Temple (0/1) D:7            Lair (6/6) D:8
 Shoals (4/4) Lair:2        Snake (2/4) Lair:3        Slime (0/5) Lair:6
    Orc (2/2) D:11            Elf (2/3) Orc:2        Vaults (0/5) D:14
 Depths (2/5) D:15          IceCv (visited)         Gauntlet (visited)

Altars:
Ashenzari
Cheibriados
Dithmenos
Fedhas
Gozag
Kikubaaqudgha
Makhleb
Nemelex Xobeh
Trog
Vehumet
The Shining One
Beogh

Shops:
D:15 :   Orc:1 (   Orc:2 (:%%   Elf:1 :   Depths:2 [

Portals:
Hell: Depths:1 Depths:2
Pandemonium: Orc:2

Annotations:
D:10 Snorg
Shoals:4 Polyphemus


Innate Abilities, Weirdness & Mutations

You can spit globs of acid.
Your golden yellow scales are hard. (AC +10)
You cannot fit into any form of body armour.
You have acidic saliva.
You are cold-blooded and may be slowed by cold attacks.
You are resistant to acid. (rCorr)
You are clumsy. (Dex -2)


Message History

You kill the water nymph!
Vehumet accepts your kill.
You start resting.
Polyphemus is too close now for your liking.
Polyphemus shouts, "Attack, my pets!
Attack!"
Polyphemus throws a large rock.
The large rock hits you!!
You see here a large rock.
Okay, then.
Press: ? - help, v - describe, . - travel
Here: Polyphemus Some shallow water.
Okay, then.
As you read the scroll of teleportation, it crumbles to dust.
You feel strangely unstable.
Polyphemus throws a large rock.
The large rock hits you!!
* * * LOW HITPOINT WARNING * * *
As you read the scroll of fog, it crumbles to dust.
The scroll dissolves into smoke.
Polyphemus throws a large rock.
The large rock hits you!!
You die...

≈≈≈≈≈≈≈≈.###.≈≈≈≈≈÷...
≈≈≈≈≈≈≈..# #.≈≈÷≈m.m÷<
≈≈≈..≈..###.≈≈≈≈≈....
≈...........≈≈≈H≈≈..≈
##.......≈≈≈≈≈≈≈≈≈≈
#....##..≈≈≈≈≈≈≈≈≈
#...##..≈≈≈≈≈≈≈≈≈≈
#§§....≈C≈≈≈≈≈≈≈≈≈
#@§§≈≈≈≈≈≈≈≈≈≈≈≈≈≈
#§§≈≈≈≈)(?≈≈≈≈≈≈≈≈
##§...†≈≈≈≈≈≈≈≈≈≈≈
#####.....≈≈≈≈≈≈≈≈≈≈≈
##.........≈≈≈≈≈≈≈≈≈≈≈
........%..%≈≈≈≈≈≈≈≈≈≈
............≈≈≈≈≈≈≈≈≈≈
.....)%.....%≈≈≈≈≈≈≈..
......%.()..≈≈≈≈≈≈....


You could see Polyphemus.

Vanquished Creatures
  Nikola (Snake:1)
  A lich (Depths:2)
  Agnes (Snake:1)
  Kirke (Snake:1)
  Donald (Elf:1)
  Ilsuiw (Shoals:2)
  The ghost of teukkam the Warrior, a journeyman MiFi of Dithmenos (Shoals:2)
  3 very ugly things
  3 stone giants
  2 entropy weavers (Lair:5)
  2 deep elf annihilators (Elf:1)
  6 spark wasps (Depths:2)
  Azrael (D:14)
  2 merfolk javelineers
  2 jiangshi (Depths:1)
  An ettin (Depths:1)
  4 merfolk impalers
  2 yaktaur captains
  Erolcha (Orc:1)
  An ogre mage (Depths:1)
  5 catoblepae
  3 centaur warriors
  An alligator snapping turtle (Shoals:2)
  8 hydras
  2 naga warriors (Snake:1)
  7 merfolk aquamancers
  3 satyrs
  8 merfolk avatars
  6 two-headed ogres
  3 death knights
  A queen ant (Lair:5)
  2 tengu warriors
  15 death yaks
  10 dancing weapons
  8 orc high priests (Orc:2)
  4 vampire magi (Depths:1)
  Sonja (Lair:1)
  14 deep elf knights
  Nergalle (Lair:3)
  A skeletal warrior (D:13)
  The ghost of NochnoyZador the Cruncher, a novice MiFi of Okawaru (D:6)
  A salamander mystic (Snake:2)
  2 fire crabs
  6 sea snakes
  A death drake (Gauntlet)
  A torturous demonspawn (Orc:2)
  3 infernal demonspawn (Orc:2)
  2 glowing orange brains
  A naga ritualist (Snake:1)
  An orange crystal statue (Elf:2)
  4 deep elf archers
  2 phantasmal warriors
  8 harpies
  3 mana vipers (Snake:1)
  7 orc knights (Orc:2)
  3 salamanders
  4 orc sorcerers (Orc:2)
  30 deep elf magi
  12 ugly things
  A shining eye (shapeshifter) (Elf:1)
  19 manticores
  A spectral centaur (Gauntlet)
  10 fauns
  4 elephants (Lair:6)
  4 oklob plants
  15 cyclopes
  10 black mambas
  A guardian serpent (Snake:1)
  Maurice (D:8)
  2 ice statues (IceCv)
  7 water nymphs
  6 merfolk sirens
  Psyche (D:10)
  2 centaur zombies
  2 rust devils
  A naga mage (Snake:1)
  13 spiny frogs
  6 komodo dragons
  A spiny frog (shapeshifter) (Depths:1)
  A gargoyle (Gauntlet)
  A torpor snail (Lair:6)
  2 centaur skeletons (D:12)
  11 ice devils
  7 yaktaurs
  4 freezing wraiths
  3 rime drakes
  3 tengu conjurers
  8 trolls
  26 merfolk
  3 meliai (D:15)
  3 hornets
  5 wind drakes
  12 snapping turtles
  9 slime creatures
  A meliai zombie (D:13)
  10 hippogriffs
  3 blink frogs (Lair:5)
  6 dream sheep (Lair:4)
  A hippogriff (shapeshifter) (D:13)
  An air elemental (Elf:1)
  A ynoxinul (Orc:2)
  A shadow (D:11)
  A wyvern (Lair:3)
  A yak (shapeshifter) (Elf:2)
  A tarantella (shapeshifter) (D:10)
  20 water elementals
  5 basilisks
  2 fire elementals
  6 wraiths
  3 hogs (Snake:1)
  A fire bat (Shoals:3)
  55 yaks
  The ghost of mrkaede the Poker, an amateur MfGl (D:3)
  A neqoxec (Orc:2)
  4 wargs
  9 nagas
  An acid dragon (Gauntlet)
  21 soldier ants
  15 water moccasins
  5 hell hounds
  5 porcupines
  39 orc warriors
  5 ice beasts (D:7)
  3 phantoms
  2 sky beasts
  A black bear (Lair:1)
  14 ogres
  14 wolves
  12 centaurs
  9 crocodiles
  A big kobold (D:10)
  A gnoll sergeant (Orc:2)
  12 bullfrogs
  An earth elemental (Elf:2)
  2 wyvern skeletons (D:12)
  3 scorpions
  A scorpion (shapeshifter) (Depths:2)
  10 killer bees
  4 wights (D:11)
  5 electric eels
  3 howler monkeys
  6 crimson imps
  3 jellies
  5 hounds
  A bullfrog zombie (D:13)
  A gnoll shaman (D:5)
  33 orc wizards
  27 orc priests
  An iguana (D:4)
  A bullfrog skeleton (D:6)
  Natasha (thrice) (D:1)
  15 worker ants
  A centaur simulacrum (D:7)
  Robin (D:2)
  8 gnolls
  13 adders
  7 shadow imps
  10 white imps
  3 ufetubi (IceCv)
  9 oozes
  A worm (D:2)
  4 dart slugs
  4 leopard geckos
  131 orcs
  7 giant cockroaches
  15 goblins
  12 hobgoblins
  4 jackals (D:8)
  4 quokkas
  A ball python (D:1)
  8 bats
  6 frilled lizards
  8 kobolds
  A quokka simulacrum (D:7)
  2 quokka zombies
  3 rats
  A fire vortex (Shoals:2)
  7 fungi
  13 plants
1140 creatures vanquished.

Vanquished Creatures (collateral kills)
  Bai Suzhen (Depths:1)
  Aizul (Snake:1)
  A stone giant (Shoals:1)
  A very ugly thing (Depths:2)
  A minotaur (Gauntlet)
  A naga warrior (Snake:2)
  3 merfolk aquamancers
  An anaconda (Snake:2)
  3 two-headed ogres (Depths:1)
  A sea snake (Shoals:4)
  A harpy (Shoals:4)
  A salamander (Snake:2)
  3 mana vipers
  A cyclops (Shoals:4)
  2 ugly things (Depths:1)
  A manticore (Shoals:3)
  A naga mage (Snake:1)
  A water nymph (Shoals:4)
  A merfolk siren (Shoals:1)
  3 black mambas (Snake:1)
  A guardian serpent (Snake:2)
  5 merfolk
  A water elemental (Shoals:2)
  A wraith (Snake:1)
  3 hogs (Snake:1)
  A naga (Snake:1)
  An ogre (Depths:1)
42 creatures vanquished.

Vanquished Creatures (others)
  Josephine (Snake:1)
  An air elemental (Elf:1)
  7 white imps (IceCv)
  4 ufetubi (IceCv)
  3 fungi
  25 plants
41 creatures vanquished.

Grand Total: 1223 creatures vanquished

Notes
Turn   | Place    | Note
-------+----------+-------------------------------------------
     0 | D:1      | AlterAsc the Draconian Fire Elementalist began the quest
                  | for the Orb.
     0 | D:1      | Reached XP level 1. HP: 14/14 MP: 3/3
   120 | D:1      | Reached XP level 2. HP: 20/20 MP: 0/5
   802 | D:2      | Reached XP level 3. HP: 26/26 MP: 3/6
  1017 | D:2      | Reached XP level 4. HP: 25/33 MP: 4/8
  1028 | D:2      | Learned a level 3 spell: Conjure Flame
  1033 | D:2      | Learned a level 4 spell: Sticky Flame
  1129 | D:2      | Noticed Natasha
  1166 | D:1      | Killed Natasha
  1271 | D:1      | Noticed Natasha
  1276 | D:1      | Killed Natasha
  1276 | D:1      | Reached skill level 4 in Fire Magic
  1365 | D:1      | Noticed Natasha
  1387 | D:1      | Killed Natasha
  1387 | D:1      | Reached XP level 5. HP: 38/38 MP: 9/9
  1611 | D:2      | Noticed Robin
  1630 | D:2      | Killed Robin
  1983 | D:3      | Found a transporter.
  1983 | D:3      | Noticed an ogre
  1983 | D:3      | Noticed mrkaede's ghost (amateur MfGl)
  1984 | D:3      | Noticed an ogre
  1990 | D:3      | Found a transporter.
  2439 | D:3      | Reached XP level 6. HP: 20/45 MP: 0/11
  3184 | D:4      | Found an opulent altar of Gozag.
  3202 | D:4      | Found a radiant altar of Vehumet.
  3209 | D:4      | Became a worshipper of Vehumet
  3216 | D:4      | Found a snail-covered altar of Cheibriados.
  3307 | D:4      | Reached skill level 5 in Fire Magic
  3605 | D:4      | Your scales start taking on a golden yellow colour.
  3605 | D:4      | Reached XP level 7. HP: 50/50 MP: 6/13
  3605 | D:4      | Gained mutation: You are resistant to acid. (rCorr) [Yellow
                  | Draconian growth]
  3745 | D:4      | Learned a level 5 spell: Fireball
  3864 | D:4      | Reached * piety under Vehumet
  3864 | D:4      | Offered knowledge of Magic Dart by Vehumet.
  4305 | D:5      | Entered Level 5 of the Dungeon
  4305 | D:5      | Found a burning altar of Makhleb.
  4361 | D:5      | Reached skill level 5 in Conjurations
  4543 | D:5      | Reached skill level 5 in Spellcasting
  4543 | D:5      | Reached skill level 6 in Fire Magic
  4627 | D:4      | Reached XP level 8. HP: 34/57 MP: 7/15
  5133 | D:5      | Found a bloodstained altar of Trog.
  5539 | D:6      | Reached ** piety under Vehumet
  5553 | D:6      | Offered knowledge of Sting by Vehumet.
  5594 | D:7      | Reached skill level 7 in Fire Magic
  6397 | D:7      | Reached XP level 9. HP: 57/62 MP: 17/17
  6644 | D:7      | Reached skill level 8 in Fire Magic
  6648 | D:7      | Found a staircase to the Ecumenical Temple.
  6706 | D:7      | Found a runed translucent gate.
  6706 | D:7      | Found a runed translucent gate.
  6706 | D:7      | Found a runed translucent gate.
  6771 | D:7      | Offered knowledge of Dazzling Spray by Vehumet.
  6883 | D:7      | Noticed NochnoyZador's ghost (novice MiFi)
  7221 | D:8      | Learned a level 1 spell: Apportation
  7349 | D:8      | Reached *** piety under Vehumet
  7464 | D:8      | Found a staircase to the Lair.
  7612 | D:8      | Found a glowing golden altar of the Shining One.
  7613 | D:8      | Found a sparkling altar of Nemelex Xobeh.
  7613 | D:8      | Found a shadowy altar of Dithmenos.
  7956 | D:8      | Found a blossoming altar of Fedhas.
  8047 | D:8      | Offered knowledge of Ignite Poison by Vehumet.
  8161 | D:8      | Noticed Maurice
  8165 | D:8      | Paralysed by Maurice for 2 turns
  8174 | D:8      | Paralysed by Maurice for 7 turns
  8178 | D:8      | Killed Maurice
  8178 | D:8      | Reached skill level 9 in Fire Magic
  8213 | D:8      | Found a shattered altar of Ashenzari.
  8457 | D:9      | Noticed a cyclops
  8643 | D:9      | Noticed a troll
  8909 | D:9      | Killed a troll
  9354 | D:7      | Reached XP level 10. HP: 69/69 MP: 16/20
  9930 | D:8      | Killed a cyclops
  9930 | D:8      | Reached skill level 10 in Fire Magic
 10368 | D:10     | Entered Level 10 of the Dungeon
 10430 | D:10     | Reached **** piety under Vehumet
 10680 | D:10     | Noticed Psyche
 10683 | D:10     | Killed Psyche
 10772 | D:10     | Offered knowledge of Bolt of Draining by Vehumet.
 11000 | D:10     | Noticed Snorg
 11079 | D:11     | Noticed a two-headed ogre
 11085 | D:11     | Killed a two-headed ogre
 11085 | D:11     | Reached skill level 11 in Fire Magic
 11380 | D:11     | Noticed a brown ugly thing
 11385 | D:11     | Noticed a cyclops
 11393 | D:11     | Killed a brown ugly thing
 11393 | D:11     | Reached XP level 11. HP: 64/74 MP: 18/23
 11473 | D:11     | Found a staircase to the Orcish Mines.
 11541 | D:11     | Noticed a white ugly thing
 11650 | D:11     | Reached ***** piety under Vehumet
 11658 | D:11     | Killed a white ugly thing
 12057 | D:11     | Reached skill level 12 in Fire Magic
 12059 | D:11     | Offered knowledge of Bolt of Cold by Vehumet.
 12172 | D:11     | Noticed an eight-headed hydra
 12311 | D:11     | Killed an eight-headed hydra
 12311 | D:11     | Reached skill level 10 in Conjurations
 13020 | D:11     | Noticed a two-headed ogre
 13026 | D:11     | Killed a two-headed ogre
 13284 | D:6      | Killed NochnoyZador's ghost
 13429 | D:3      | Killed mrkaede's ghost
 13586 | Lair:1   | Entered Level 1 of the Lair of Beasts
 13686 | Lair:1   | Reached skill level 13 in Fire Magic
 13688 | Lair:1   | Noticed Sonja
 13820 | Lair:1   | Noticed a five-headed hydra
 13826 | Lair:1   | Killed a five-headed hydra
 13865 | Lair:1   | Reached XP level 12. HP: 81/81 MP: 2/25
 14132 | Lair:1   | Killed Sonja
 14132 | Lair:1   | Reached skill level 1 in Fighting
 14972 | Lair:2   | Noticed a seven-headed hydra
 14976 | Lair:2   | Killed a seven-headed hydra
 14977 | Lair:2   | Noticed a six-headed hydra
 14990 | Lair:2   | Killed a six-headed hydra
 14990 | Lair:2   | Reached skill level 10 in Spellcasting
 15239 | Lair:2   | Reached skill level 14 in Fire Magic
 15296 | Lair:2   | Got a blackened trident
 15297 | Lair:2   | Identified the +12 trident of Xoafoile {freeze, Int+4} (You
                  | found it on level 2 of the Lair of Beasts)
 15684 | Lair:2   | Found a staircase to the Shoals.
 16126 | Lair:3   | Noticed a four-headed hydra
 16130 | Lair:3   | Killed a four-headed hydra
 16381 | Lair:3   | Offered knowledge of Irradiate by Vehumet.
 16414 | Lair:3   | Found a frozen archway.
 16420 | Lair:3   | Reached XP level 13. HP: 51/99 MP: 27/27
 16463 | IceCv    | Entered an ice cave
 16819 | IceCv    | Got a bloodstained hat
 16832 | IceCv    | Identified the +2 hat of Ipimifips {*Contam rElec rPois
                  | MR++} (You found it in an ice cave)
 16903 | IceCv    | Reached skill level 5 in Fighting
 17059 | IceCv    | Noticed a reaper
 17511 | Lair:3   | Found the +3 hat of Pondering {ponderous, MR+ MP+10 Int+5}
 17818 | Lair:3   | Reached skill level 15 in Fire Magic
 17863 | Lair:3   | Found a staircase to the Snake Pit.
 18398 | Lair:4   | Noticed Nergalle
 18805 | Lair:3   | Killed Nergalle
 19675 | Lair:4   | Offered knowledge of Spellforged Servitor by Vehumet.
 19684 | Lair:4   | Learned a level 7 spell: Spellforged Servitor
 20103 | Lair:5   | Identified the Grimoire of the Escort and Venom
 20221 | Lair:5   | Reached skill level 1 in Summonings
 20549 | Lair:5   | Noticed an entropy weaver
 20554 | Lair:5   | Killed an entropy weaver
 20578 | Lair:4   | Gained mutation: You have acidic saliva. [Yellow Draconian
                  | growth]
 20578 | Lair:4   | Reached XP level 14. HP: 106/113 MP: 22/29
 20703 | Lair:5   | Noticed an entropy weaver
 21050 | Lair:5   | Killed an entropy weaver
 21356 | Lair:6   | Entered Level 6 of the Lair of Beasts
 21460 | Lair:6   | Found a staircase to the Slime Pits.
 21745 | Lair:6   | Reached skill level 16 in Fire Magic
 22537 | Lair:6   | Offered knowledge of Orb of Destruction by Vehumet.
 22868 | Lair:6   | Learned a level 7 spell: Orb of Destruction
 22926 | Lair:6   | Identified the Grimoire of Supportive Intoxication
 23413 | Orc:1    | Entered Level 1 of the Orcish Mines
 23462 | Orc:1    | Noticed Erolcha
 23469 | Orc:1    | Killed Erolcha
 23791 | Orc:1    | Found Yrhawoth's Antique Weapon Boutique.
 23825 | Orc:1    | Found a roughly hewn altar of Beogh.
 23909 | Orc:1    | Found a roughly hewn altar of Beogh.
 24093 | Orc:2    | Entered Level 2 of the Orcish Mines
 24221 | Orc:2    | Found a staircase to the Elven Halls.
 24811 | Orc:2    | Offered knowledge of Freezing Cloud by Vehumet.
 24897 | Orc:2    | Found Iquibbom's Food Shoppe.
 25464 | Orc:2    | Found Iziokus's Food Emporium.
 25477 | Orc:2    | Reached XP level 15. HP: 85/123 MP: 27/31
 26005 | Orc:2    | Reached skill level 5 in Summonings
 26518 | Orc:2    | Found Edwat's Book Shop.
 26518 | Orc:2    | Found a one-way gate leading to the halls of Pandemonium.
 26518 | Orc:2    | Found Mazeas's Antique Weapon Boutique.
 26530 | Orc:2    | Bought a book of Clouds for 765 gold pieces
 26538 | Orc:2    | Learned a level 7 spell: Ring of Flames
 26780 | D:12     | Found a gate leading to a gauntlet.
 26821 | D:12     | Reached skill level 1 in Charms
 26848 | D:12     | Reached skill level 17 in Fire Magic
 27047 | D:12     | Reached ****** piety under Vehumet
 27049 | Gauntlet | Entered a Gauntlet
 27049 | Gauntlet | Found a runed translucent gate.
 27049 | Gauntlet | Found a transporter.
 27049 | Gauntlet | Found a runed translucent gate.
 27049 | Gauntlet | Found a runed translucent gate.
 27049 | Gauntlet | Found a transporter.
 27050 | Gauntlet | Found a transporter.
 27051 | Gauntlet | Found a transporter.
 27052 | Gauntlet | Found a large runed translucent door.
 27052 | Gauntlet | Found a transporter.
 27053 | Gauntlet | Found a large runed translucent door.
 27054 | Gauntlet | Found a large runed translucent door.
 27054 | Gauntlet | Found a large runed translucent door.
 27054 | Gauntlet | Found a transporter.
 27054 | Gauntlet | Found a runed translucent door.
 27055 | Gauntlet | Found a large runed translucent door.
 27056 | Gauntlet | Found a large runed translucent door.
 27057 | Gauntlet | Found a large runed translucent door.
 27057 | Gauntlet | Found a large runed translucent door.
 27058 | Gauntlet | Found a runed translucent gate.
 27058 | Gauntlet | Found a runed translucent gate.
 27060 | Gauntlet | Found a transporter.
 27062 | Gauntlet | Found a transporter.
 27063 | Gauntlet | Found a transporter.
 27065 | Gauntlet | Found a transporter.
 27073 | Gauntlet | Found a transporter.
 27156 | Gauntlet | Found a large runed translucent door.
 27158 | Gauntlet | Found a large runed translucent door.
 27159 | Gauntlet | Found a large runed translucent door.
 27159 | Gauntlet | Found a large runed translucent door.
 27159 | Gauntlet | Found a runed translucent door.
 27160 | Gauntlet | Found a large runed translucent door.
 27161 | Gauntlet | Found a large runed translucent door.
 27162 | Gauntlet | Found a large runed translucent door.
 27162 | Gauntlet | Found a large runed translucent door.
 27163 | Gauntlet | Found a runed translucent gate.
 27178 | Gauntlet | Found a transporter.
 27404 | Gauntlet | Got an ancient pewter ring
 27558 | Gauntlet | Identified the ring "Ipur" {+Fly rPois Int-4 Dex-2 Slay+4}
                  | (You found it in a Gauntlet)
 27775 | Gauntlet | Identified the +1 long sword "Ejaajyj" {elec, rElec rC+}
 27775 | Gauntlet | Identified the +2 shield of the New World {Str+4}
 28054 | Gauntlet | Identified Ogadorch's Disquisition on Hexes
 28065 | Gauntlet | Identified Etsagaem's Incunabulum of Creation
 28192 | D:12     | Offered knowledge of Ozocubu's Refrigeration by Vehumet.
 28659 | D:13     | Found a burning altar of Makhleb.
 28661 | D:13     | Noticed an Executioner
 29778 | D:14     | Found a gate to the Vaults.
 30254 | D:14     | Noticed Azrael
 30457 | Snake:1  | Entered Level 1 of the Snake Pit
 30783 | Snake:1  | Noticed Agnes
 30788 | Snake:1  | Killed Agnes
 30790 | Snake:1  | Noticed Aizul
 30794 | Snake:1  | Noticed Kirke
 30887 | Snake:1  | Noticed Nikola
 30896 | Snake:1  | Killed Nikola
 31032 | Snake:1  | Killed Aizul
 31208 | Snake:1  | Killed Kirke
 31208 | Snake:1  | Reached XP level 16. HP: 129/134 MP: 11/33
 31245 | Snake:1  | Reached skill level 10 in Fighting
 31277 | Snake:1  | Noticed Josephine
 31281 | Snake:1  | Killed Josephine
 32265 | Snake:2  | Reached skill level 5 in Charms
 32348 | Shoals:1 | Entered Level 1 of the Shoals
 34622 | Orc:2    | Bought a book of the Dragon for 1530 gold pieces
 34657 | Orc:2    | Bought a ration for 50 gold pieces
 34657 | Orc:2    | Bought a ration for 50 gold pieces
 34657 | Orc:2    | Bought a ration for 50 gold pieces
 34869 | Shoals:2 | Noticed Ilsuiw
 35095 | Shoals:1 | Learned a level 6 spell: Bolt of Fire
 35110 | Shoals:2 | Offered knowledge of Iron Shot by Vehumet.
 35127 | Shoals:2 | Noticed teukkam's ghost (journeyman MiFi)
 35218 | Shoals:2 | Found a transporter.
 35248 | Shoals:2 | Reached skill level 18 in Fire Magic
 35785 | Shoals:2 | Found a transporter.
 35989 | Shoals:2 | Killed Ilsuiw
 36775 | D:14     | Killed Azrael
 37067 | D:15     | Entered Level 15 of the Dungeon
 37361 | D:15     | Found a portal to a secret trove of treasure.
 37370 | D:15     | Identified 2 scrolls of acquirement
 37371 | D:15     | You paid a toll of 2 scrolls of acquirement to enter a
                  | treasure trove
 37372 | Trove    | Entered a treasure trove
 37384 | Trove    | Got a vibrating lead ring
 37429 | Trove    | Got a sparkling emerald amulet
 37431 | Trove    | Identified the amulet of Qazlal's Wrath {+Rage rN+} (You
                  | found it in a treasure trove)
 37433 | Trove    | Got a sparkling lead ring
 37435 | Trove    | Identified the ring "Exuvvor" {Int+4 Dex+4} (You found it
                  | in a treasure trove)
 37438 | Trove    | Got an ancient golden ring
 37440 | Trove    | Identified the ring "Juat" {rPois rF+++ MR+ Int-2 Dex+7}
                  | (You found it in a treasure trove)
 37446 | Trove    | Got a steaming garnet amulet
 37448 | Trove    | Identified the amulet "Beidanab" {Faith Fragile rElec
                  | Str+6} (You found it in a treasure trove)
 37452 | Trove    | Got a vibrating lapis lazuli ring
 37454 | Trove    | Identified the ring "Qohomp" {EV+5 Int+3} (You found it in
                  | a treasure trove)
 37456 | Trove    | Identified the ring "Denleuno" {rElec rC- MP+9 Dex+4} (You
                  | found it in a treasure trove)
 37459 | Trove    | Got an ancient marble ring
 37461 | Trove    | Identified the ring of Eternal Night {rC+ Str+4 Dex-2} (You
                  | found it in a treasure trove)
 37516 | Trove    | Learned a level 6 spell: Iron Shot
 37639 | D:15     | Found Ushudeco's Book Boutique.
 38296 | D:15     | Reached XP level 17. HP: 119/140 MP: 24/35
 38304 | D:15     | Found a staircase to the Depths.
 38342 | Depths:1 | Entered Level 1 of the Depths
 38378 | Depths:1 | Noticed Bai Suzhen
 38393 | Depths:1 | Killed Bai Suzhen
 38567 | Depths:1 | Found a gateway to Hell.
 39780 | Depths:1 | Reached skill level 1 in Earth Magic
 39876 | Depths:2 | Offered knowledge of Fire Storm by Vehumet.
 39876 | Depths:2 | Offered knowledge of Glaciate by Vehumet.
 39876 | Depths:2 | Offered knowledge of Ignition by Vehumet.
 40034 | Depths:2 | Noticed a lich
 40040 | Depths:2 | Killed a lich
 40040 | Depths:2 | Reached skill level 15 in Spellcasting
 40110 | Depths:2 | Noticed a golden dragon
 40120 | Depths:2 | Found Minim's Antique Armour Emporium.
 40141 | Depths:2 | Reached skill level 19 in Fire Magic
 40677 | Orc:2    | Bought a ration for 50 gold pieces
 40677 | Orc:2    | Bought a ration for 50 gold pieces
 40677 | Orc:2    | Bought a ration for 50 gold pieces
 40677 | Orc:2    | Bought a ration for 50 gold pieces
 40677 | Orc:2    | Bought a ration for 50 gold pieces
 40721 | Elf:1    | Entered Level 1 of the Elven Halls
 40892 | Elf:1    | Found Joxzy's One-of-a-Kind Books.
 41312 | Elf:1    | Gained mutation: You are clumsy. (Dex -2) [a shining eye]
 41438 | Elf:1    | Found a gateway to a bazaar.
 41450 | Elf:1    | Found an ancient bone altar of Kikubaaqudgha.
 41453 | Bazaar   | Entered a bazaar
 41455 | Bazaar   | Found Deulaum's Magic Scroll Boutique.
 41459 | Bazaar   | Found Rack's Antique Weapon Boutique.
 41459 | Bazaar   | Found Jopriz's Book Boutique.
 41459 | Bazaar   | Found Fukol's Book Boutique.
 41533 | Elf:1    | Noticed Donald
 41577 | Elf:1    | Killed Donald
 41815 | Elf:1    | Identified the Handbook of Loss
 41943 | Elf:1    | Reached XP level 18. HP: 138/147 MP: 11/37
 42295 | Elf:2    | Reached skill level 15 in Conjurations
 42828 | Elf:2    | Learned a level 8 spell: Ignition
 43657 | Shoals:2 | Reached skill level 1 in Shields
 43658 | Shoals:2 | Killed teukkam's ghost
 44366 | Shoals:3 | Identified the ring "Athroar" {+Fly rN+}
 44702 | Shoals:4 | Entered Level 4 of the Shoals
 44713 | Shoals:4 | Reached skill level 5 in Earth Magic
 46238 | Shoals:4 | Reached skill level 20 in Fire Magic
 46672 | Shoals:4 | Noticed Polyphemus
 46694 | Shoals:4 | Hit by a large rock thrown by Polyphemus

Levels and vault maps discovered:
D:1:      shiori_arrival_oz, layout_rooms, st_stairs_8, serial_bayou_lake_a
D:2:      layout_rooms, uniq_natasha, uniq_robin
D:3:      layout_basic, gammafunk_ghost_smash
D:4:      layout_loops_ring, kennysheep_mini_moat,
          amethyst_overflow_temple_binary
D:5:      layout_loops_cross, bloody_trog, overflow_temple_1_default,
          first_ration
D:6:      layout_rooms
D:7:      layout_gridville, minmay_temple_entry_wispy, gammafunk_ghost_icy
D:8:      layout_basic, lemuel_coloured_pillars_altar,
          nicolae_overflow_quartered_altars, lair_entry_dummy, uniq_maurice
D:9:      layout_loops_ring
D:10:     layout_grid_maze, uniq_psyche, uniq_snorg
D:11:     layout_roguey, david_orc_3, grunt_ogre_cave, minmay_fractal_squares_5
D:12:     layout_basic, gauntlet_entry_generic
D:13:     layout_basic, makhleb_altar_promises_db
D:14:     layout_roguey, david_vaults_2, uniq_azrael
D:15:     grunt_enter_depths_snipers, layout_cave_pools,
          nicolae_trove_entry_crossroad, serial_shops, shop
Lair:1:   layout_cave_pods, st_stairs_7, uniq_sonja
Lair:2:   layout_roguey, elwin_shoals_entry_stream, infiniplex_staircase_pool_2
Lair:3:   layout_cave_pods, minmay_snake_entry_guardpost_small,
          portal_ice_cave_rime, lemuel_fruit_tree, minmay_lair_oklob_chamber
Lair:4:   dpeg_oklob_gauntlet, layout_cave_shapes, uniq_nergalle
Lair:5:   layout_loops_ring, zaba_antful_of_joy
Lair:6:   evilmike_catoblepas_cave, layout_layer_cave,
          nicolae_slime_entry_slimehenge, serial_bayou_pond_c,
          serial_bayou_pond_d, grunt_megastairs_4, infiniplex_staircase_pool
Shoals:1: layout_shoals, st_cyclops
Shoals:2: layout_shoals, gammafunk_ghost_arena, uniq_ilsuiw
Shoals:3: layout_shoals, hangedman_shoal_volcano
Shoals:4: shoals_end_hangedman, layout_shoals, shoals_ilsuiw_alternative,
          uniq_polyphemus
Snake:1:  layout_grid_maze, uniq_nikola, uniq_aizul, uniq_kirke, uniq_josephine,
          uniq_agnes
Snake:2:  layout_gridlike, gammafunk_ghost_berserking_beasts,
          guppyfry_library_mini, serial_bayou_shore_a
Orc:1:    layout_caves, serial_shops, nicolae_shop_crystal,
          hangedman_feature_mirror, uniq_erolcha
Orc:2:    pf_orc_diabolical, layout_diamond_mine, sword_in_stone
Elf:1:    eino_elf_arrival_sip, layout_geoelf_diagonals, serial_shops,
          bzr_entry_customers, basic_altar, minmay_elf_annihilation,
          nicolae_rare_books, uniq_donald
Elf:2:    layout_geoelf_octagon, minivault_16, hex_intersection
Depths:1: layout_big_octagon, roderic_lattice_a, hell_entry,
          wad_rectangle_vault, firewood_loft, uniq_bai_suzhen
Depths:2: minmay_sliced_demisemicircle, layout_twisted_cross,
          nicolae_lava_and_water, serial_shops, shop,
          pf_vacation_house_of_asmodeus

Skill      XL: |  1  2  3  4  5  6  7  8  9 10 11 12 13 14 15 16 17 18 |
---------------+-------------------------------------------------------+-----
Stealth        | 2 |  2.0
Dodging        | 2 |  2.0
Conjurations   | 2 3 4 5 7 8 9 10 11 12 13 14 15 | 15.4
Spellcasting   | 3 4 5 7 8 9 10 11 12 13 14 15 16 | 16.3
Fire Magic     | 4 5 6 7 9 11 13 14 15 16 17 18 19 20 | 20.0
Fighting       | 4 7 8 9 10 | 10.0
Summonings     | 1 4 5 |  5.2
Charms         | 4 6 |  6.0
Earth Magic    | 3 5 |  5.0
Shields        | 4 |  4.0

Action                   |  1- 3 |  4- 6 |  7- 9 | 10-12 | 13-15 | 16-18 || total
-------------------------+-------+-------+-------+-------+-------+-------++-------
Melee: Unarmed           |    20 |     1 |       |       |       |       ||    21
       Tailslap          |     2 |     1 |     7 |    14 |     8 |    10 ||    42
       Spear             |     4 |    40 |     9 |     3 |       |       ||    56
       Trident           |       |       |    48 |    21 |   186 |   112 ||   367
       Dagger            |       |       |     7 |    80 |       |       ||    87
       Staff             |       |       |       |    17 |     1 |       ||    18
       Bite              |       |       |       |       |    11 |     3 ||    14
 Cast: Flame Tongue      |    54 |   155 |   253 |    96 |   121 |       ||   679
       Sticky Flame      |       |     1 |    20 |    57 |   104 |     5 ||   187
       Conjure Flame     |       |       |     1 |    17 |     6 |       ||    24
       Fireball          |       |       |    13 |   108 |   304 |   144 ||   569
       Apportation       |       |       |     2 |       |       |       ||     2
       Orb of Destructio |       |       |       |       |    40 |   107 ||   147
       Spellforged Servi |       |       |       |       |     6 |    14 ||    20
       Bolt of Fire      |       |       |       |       |       |   205 ||   205
       Ring of Flames    |       |       |       |       |       |    19 ||    19
       Iron Shot         |       |       |       |       |       |    12 ||    12
       Ignition          |       |       |       |       |       |     7 ||     7
 Abil: Breathe Acid      |       |       |     1 |       |     1 |     1 ||     3
Evoke: Wand              |       |       |       |       |       |     5 ||     5
  Use: Scroll            |       |       |     8 |    11 |     9 |    23 ||    51
       Potion            |       |       |       |       |     4 |     4 ||     8
 Stab: Sleeping          |       |       |       |       |       |     1 ||     1
       Petrified         |       |       |       |       |       |     2 ||     2
  Eat: Chunk             |     1 |     9 |    21 |    29 |    39 |    94 ||   193
       Ration            |       |       |     1 |     6 |    18 |    18 ||    43
Armor: Skin              |    14 |    51 |    57 |    75 |   168 |   143 ||   508
Dodge: Dodged            |    43 |    79 |   144 |   139 |   221 |   190 ||   816
Block: Other             |       |       |       |       |       |     1 ||     1
       Buckler           |       |       |       |       |       |    16 ||    16
